 Dungeon Crawl Stone Soup version 0.30-a0-313-gae38170b09 (webtiles) character file.

Game seed: 11233236242531184168

569482 MTVSty1e the Axe Maniac (level 26, -4/266 HPs)
             Began as a Minotaur Fighter on Oct 26, 2022.
             Was a High Priest of the Shining One.
             Engulfed by an ushabti's foul pestilence (8 damage)
             ... on level 3 of the Tomb of the Ancients.
             The game lasted 02:36:40 (62246 turns).

MTVSty1e the Axe Maniac (Minotaur Fighter)         Turns: 62246, Time: 02:36:41

Health: -4/266     AC: 36    Str: 23 (26) XL:     26   Next: 9%
Magic:  7/37       EV: 11    Int:  9 (11) God:    the Shining One [*****.]
Gold:   6532       SH: 27    Dex: 19      Spells: 25/25 levels left

rFire   + + +      SeeInvis .    Q - +9 broad axe (holy)
rCold   + + +      Faith    .    T - +4 kite shield "Toevonee" {rElec Regen+ Dex+2}
rNeg    + + +      Spirit   .    k - +6 gold dragon scales
rPois   +          Reflect  +    (helmet unavailable)
rElec   +          Harm     .    H - scarf {rC+ rF+}
rCorr   +          Rampage  .    r - +0 pair of gloves "Gaono" {Int+6}
Will    ++++.      Clarity  +    Y - +1 pair of boots of Vycoll {rElec rC+ rCorr}
Stlth   ..........               R - amulet of Ynoil {Reflect rN+ Will+++ Regen+ Int-3 SH+5}
HPRegen 2.24/turn                U - ring of the Tortured Grape {rC++ rN+ Str-5 Int+4}
MPRegen 0.25/turn                f - ring "Haomnur" {Contam rF+ Str+2 Slay+3}

@: about to teleport, slowed, glowing, very slow
A: horns 3, retaliatory headbutt, agile 1, clarity, sense surroundings 1
}: 2/15 runes: serpentine, barnacled
a: Renounce Religion, Divine Shield, Cleansing Flame, Summon Divine Warrior


You were on level 3 of the Tomb of the Ancients.
You worshipped the Shining One.
The Shining One was extremely pleased with you.
You visited 12 branches of the dungeon, and saw 47 of its levels.
You visited the Abyss 1 time.
You visited 1 bazaar.
You also visited: Trove, Sewer, Gauntlet, Volcano and Wizlab.

You collected 8993 gold pieces.
You spent 2461 gold pieces at shops.

Inventory:

Hand Weapons
 Q - a +9 broad axe of holy wrath (weapon)
Armour
 b - the +1 pair of boots of the Thoughtful Xeniums {Fly rC- rN+ Regen+}
   (You found it in a treasure trove)

   rC:        It makes you vulnerable to cold.
   rN:        It protects you from negative energy.
   Fly:       It grants you flight.
   Regen:     It increases your rate of health regeneration.
 k - +6 gold dragon scales (worn)
 r - the +0 pair of gloves "Gaono" (worn) {Int+6}
   (You acquired it on level 1 of the Crypt)

   Int:       It affects your intelligence (+6).
 H - a scarf of resistance (worn)
 N - the +2 hood of the Assassin {Detection Stab+ Stlth++}
   (You found it on level 3 of the Crypt)

   It allows the wearer to sense nearby creatures.
   It allows the wearer to make particularly effective stabbing attacks against
   helpless or unaware enemies with any weapon.
   Stlth:     It makes you much more stealthy.
 P - the +13 crystal plate armour of Prudence {rElec Dex+4}
   (You acquired it on level 5 of the Lair of Beasts)

   Dex:       It affects your dexterity (+4).
   rElec:     It insulates you from electricity.
 T - the +4 kite shield "Toevonee" (worn) {rElec Regen+ Dex+2}
   (You found it in a treasure trove)

   Dex:       It affects your dexterity (+2).
   rElec:     It insulates you from electricity.
   Regen:     It increases your rate of health regeneration.
 X - the +2 hat of the Bear Spirit {Spirit, *Rage Will++}
   (You bought it in a shop on level 2 of the Orcish Mines)

   Going berserk makes the wearer tougher, and they're slowed less afterward.
   *Rage:     It berserks you when you make melee attacks (+20% chance).
   Will:      It greatly increases your willpower.
 Y - the +1 pair of boots of Vycoll (worn) {rElec rC+ rCorr}
   (You found it in a treasure trove)

   rC:        It protects you from cold.
   rElec:     It insulates you from electricity.
   rCorr:     It protects you from acid and corrosion.
 Z - the +3 hat of Pondering {ponderous, Will+ MP+10 Int+5}
   (You found it in a treasure trove)

   Int:       It affects your intelligence (+5).
   MP:        It affects your magic capacity (+10).
   Will:      It increases your willpower.
Jewellery
 f - the ring "Haomnur" (right hand) {Contam rF+ Str+2 Slay+3}
   (You found it on level 2 of the Depths)

   [ring of protection from fire]

   Str:       It affects your strength (+2).
   Slay:      It affects your accuracy & damage with ranged weapons and melee
   (+3).
   rF:        It protects you from fire.
   Contam:    It causes magical contamination when unequipped.
 g - the ring of the Two Names {rElec rC+ Will++ Int-3}
   (You took it off a deep elf high priest on level 3 of the Elven Halls)

   [ring of protection from cold]

   Int:       It affects your intelligence (-3).
   rC:        It protects you from cold.
   rElec:     It insulates you from electricity.
   Will:      It greatly increases your willpower.
 p - a ring of see invisible
 R - the amulet of Ynoil (around neck) {Reflect rN+ Will+++ Regen+ Int-3 SH+5}
   (You acquired it on level 3 of the Elven Halls)

   [amulet of reflection]

   It reflects blocked missile attacks.
   Int:       It affects your intelligence (-3).
   rN:        It protects you from negative energy.
   Regen:     It increases your rate of health regeneration.
   SH:        It affects your SH (+5).
   Will:      It greatly increases your willpower.
 U - the ring of the Tortured Grape (left hand) {rC++ rN+ Str-5 Int+4}
   (You found it in a Gauntlet)

   [ring of positive energy]

   Str:       It affects your strength (-5).
   Int:       It affects your intelligence (+4).
   rC:        It greatly protects you from cold.
   rN:        It protects you from negative energy.
 W - the ring "Noqafriga" {rF+++ rN+ Str-2 Int+5}
   (You took it off an ancient champion on level 3 of the Crypt)

   [ring of positive energy]

   Str:       It affects your strength (-2).
   Int:       It affects your intelligence (+5).
   rF:        It renders you almost immune to fire.
   rN:        It protects you from negative energy.
Wands
 c - a wand of paralysis (31)
 d - a wand of roots (28)
 z - a wand of digging (6)
 B - a wand of polymorph (26)
 D - a wand of flame (94)
 I - a wand of acid (17)
 L - a wand of mindburst (24)
Scrolls
 e - 4 scrolls of silence
 h - 11 scrolls of amnesia
 i - a scroll of summoning
 l - a scroll of enchant weapon
 m - 2 scrolls of poison
 v - 31 scrolls of identify
 x - 9 scrolls of fog
 y - 13 scrolls of fear
 A - 14 scrolls of teleportation
 C - 7 scrolls of magic mapping
 G - a scroll of brand weapon
Potions
 a - 3 potions of magic
 j - 32 potions of curing
 n - 9 potions of flight
 o - 3 potions of ambrosia
 q - 10 potions of haste
 s - 10 potions of mutation
 t - 4 potions of resistance
 u - 13 potions of brilliance
 w - 10 potions of might
 F - 2 potions of berserk rage
 O - 5 potions of attraction
 V - 3 potions of invisibility


   Skills:
 O Level 27 Fighting
 O Level 27 Axes
 + Level 24.2 Armour
 + Level 10.9 Dodging
 + Level 24.1 Shields
 * Level 22.3 Invocations


You had 25 spell levels left.
You didn't know any spells.
Your spell library contained the following spells:

 Spells                   Type           Power      Damage    Failure   Level
 Apportation              Tloc           0%         N/A       99%         1
 Beastly Appendage        Tmut           0%         N/A       99%         1
 Foxfire                  Conj/Fire      0%         2x1d4     99%         1
 Kiss of Death            Conj/Necr      0%         2d5       99%         1
 Magic Dart               Conj           0%         1d3       99%         1
 Necrotise                Necr           0%         1d4       99%         1
 Shock                    Conj/Air       0%         1d3       99%         1
 Slow                     Hex            0%         N/A       99%         1
 Sting                    Tmut/Pois      0%         1d3       99%         1
 Summon Small Mammal      Summ           0%         N/A       99%         1
 Blink                    Tloc           0%         N/A       100%        2
 Cigotuvi's Dreadful Rot  Necr/Pois/Air  0%         N/A       100%        2
 Ensorcelled Hibernation  Hex/Ice        0%         N/A       100%        2
 Passwall                 Tmut/Erth      0%         N/A       100%        2
 Poisonous Vapours        Pois/Air       0%         N/A       100%        2
 Searing Ray              Conj           0%         2d4       100%        2
 Static Discharge         Conj/Air       0%         2-2/arc   100%        2
 Sublimation of Blood     Necr           0%         N/A       100%        2
 Wereblood                Tmut           0%         N/A       100%        2
 Confusing Touch          Hex            0%         N/A       100%        3
 Frozen Ramparts          Ice            0%         1d1       100%        3
 Gell's Gravitas          Tloc           0%         N/A       100%        3
 Inner Flame              Hex/Fire       0%         N/A       100%        3
 Kindle Blastsparks       Fire/Tloc/Air  0%         2d10      100%        3
 Lesser Beckoning         Tloc           0%         N/A       100%        3
 Mephitic Cloud           Conj/Pois/Air  0%         N/A       100%        3
 Ozocubu's Armour         Ice            0%         N/A       100%        3
 Spider Form              Tmut/Pois      0%         N/A       100%        3
 Stone Arrow              Conj/Erth      0%         3d7       100%        3
 Swiftness                Air            0%         N/A       100%        3
 Teleport Other           Tloc           0%         N/A       100%        3
 Vampiric Draining        Necr           0%         2d6       100%        3
 Vhi's Electric Charge    Tloc/Air       0%         N/A       100%        3
 Airstrike                Air            0%         2d(0-16)  100%        4
 Anguish                  Hex/Necr       0%         N/A       100%        4
 Animate Armour           Summ/Erth      0%         N/A       100%        4
 Dispel Undead            Necr           0%         3d6       100%        4
 Flame Wave               Conj/Fire      0%         2d4       100%        4
 Fulminant Prism          Conj/Hex       0%         3d6       100%        4
 Ice Form                 Ice/Tmut       0%         N/A       100%        4
 Iskenderun's Mystic Bla  Conj/Tloc      0%         2d3       100%        4
 Leda's Liquefaction      Hex/Erth       0%         N/A       100%        4
 Manifold Assault         Tloc           0%         N/A       100%        4
 Olgreb's Toxic Radiance  Pois           0%         N/A       100%        4
 Passage of Golubria      Tloc           0%         N/A       100%        4
 Petrify                  Tmut/Erth      0%         N/A       100%        4
 Sticky Flame             Conj/Fire      0%         2d3       100%        4
 Summon Ice Beast         Ice/Summ       0%         N/A       100%        4
 Agony                    Necr           0%         N/A       100%        5
 Arcjolt                  Conj/Air       0%         1d10      100%        5
 Blade Hands              Tmut           0%         N/A       100%        5
 Borgnjor's Vile Clutch   Necr/Erth      0%         N/A       100%        5
 Fireball                 Conj/Fire      0%         3d3       100%        5
 Freezing Cloud           Conj/Ice/Air   0%         6-21      100%        5
 Irradiate                Conj/Tmut      0%         3d11      100%        5
 Lee's Rapid Deconstruct  Erth           0%         3d4*      100%        5
 Lightning Bolt           Conj/Air       0%         1d11      100%        5
 Metabolic Englaciation   Hex/Ice        0%         N/A       100%        5
 Silence                  Hex/Air        0%         N/A       100%        5
 Summon Forest            Summ/Tloc      0%         N/A       100%        5
 Yara's Violent Unravell  Hex/Tmut       0%         3d3       100%        5
 Conjure Ball Lightning   Conj/Air       0%         3x3d6     100%        6
 Eringya's Noxious Bog    Tmut/Pois      0%         N/A       100%        6
 Iron Shot                Conj/Erth      0%         9d1       100%        6
 Simulacrum               Ice/Necr       0%         N/A       100%        6
 Starburst                Conj/Fire      0%         6d3       100%        6
 Statue Form              Tmut/Erth      0%         N/A       100%        6
 Dragon Form              Tmut           0%         N/A       100%        7
 Enfeeble                 Hex            0%         N/A       100%        7
 Ozocubu's Refrigeration  Ice            0%         4d7       100%        7
 Storm Form               Tmut/Air       0%         N/A       100%        7
 Summon Hydra             Summ           0%         N/A       100%        7
 Lehudib's Crystal Spear  Conj/Erth      0%         10d2      100%        8
 Maxwell's Capacitive Co  Air            0%         ∞         100%        8
 Polar Vortex             Ice            0%         N/A       100%        9


Dungeon Overview and Level Annotations

Branches:
Dungeon (15/15)            Temple (1/1) D:4            Lair (5/5) D:9
 Shoals (4/4) Lair:2        Snake (4/4) Lair:3        Slime (1/5) Lair:5
    Orc (2/2) D:11            Elf (3/3) Orc:2        Vaults (2/5) D:13
  Crypt (3/3) Vaults:2       Tomb (3/3) Crypt:3      Depths (4/4) D:15
    Zot (0/5) Depths:4      Sewer (visited)         Volcano (visited)
 WizLab (visited)         Gauntlet (visited)

Altars:
Ashenzari
Cheibriados
Dithmenos
Elyvilon
Fedhas
Gozag
Hepliaklqana
Kikubaaqudgha
Makhleb
Nemelex Xobeh
Okawaru
Qazlal
Ru
Sif Muna
Trog
Uskayaw
Vehumet
Wu Jian
Xom
Yredelemnul
Zin
The Shining One
Jiyva

Shops:
D:2 *   D:9 [   D:12 *   Orc:2 (([(:   Elf:1 ?   Elf:3 (   Shoals:1 !
Shoals:2 (   Snake:1 ?=:::*([   Snake:2 [*=*   Snake:3 *[   Snake:4 (
Vaults:2 =   Depths:1 :

Portals:
Hell: Depths:1 Depths:2 Depths:3 Depths:4
Abyss: Depths:2
Pandemonium: Depths:2 Depths:3
Ziggurat: Depths:2

Annotations:
D:5 2 transporters, Sapher's ghost, amateur MeEE


Innate Abilities, Weirdness & Mutations

You have a pair of large horns on your head.
You reflexively headbutt those who attack you in melee.
You are agile. (Dex +4, Str/Int -1)
You possess an exceptional clarity of mind.
You passively map a small area around you.


Message History

The vile air hits you but does no damage.
As you read the scroll of teleportation, it crumbles to dust.
You feel strangely unstable.
You are engulfed in dark miasma.
You feel as though you will be slow longer.
* * * LOW HITPOINT WARNING * * *
The royal mummy calls on the powers of darkness!
The emperor scorpion convulses! x2; Your body is wracked with pain!
* * * LOW HITPOINT WARNING * * *
The ushabti shakes and rattles.
The vile air hits the emperor scorpion.
The vile air hits the mummy priest.
The vile air hits the guardian mummy.
The vile air hits you but does no damage.
The mummy priest utters an invocation to its god.
A royal mummy comes into view.
The emperor scorpion is engulfed in dark miasma.
The emperor scorpion dies!
The emperor scorpion's corpse disappears in a puff of smoke!
You chop the guardian mummy into pieces!!!
You destroy the guardian mummy!
The Shining One accepts your kill.
You feel better.
You feel your power returning.
You feel extremely nervous for a moment...
You are engulfed in negative energy!
You resist.
You are engulfed in dark miasma.
* * * LOW HITPOINT WARNING * * *
The royal mummy mumbles some strange words.
Activating: Cleansing Flame (0% risk of failure)
Press: ? - help, Dir - look around, f - activate The golden flame engulfs you but does no damage.
You resist.
The golden flame engulfs the chaos spawn!!!
The chaos spawn writhes in agony!
You kill the chaos spawn!
The chaos spawn degenerates into a cloud of primal chaos!
The Shining One accepts your kill.
You feel a bit more experienced.
You feel extremely nervous for a moment...
You sense a malignant aura.
You are engulfed in dark miasma.
You feel as though you will be slow longer.
You die...

,,,,<**...M...M.,*#<....,,,,,,**
,^,,,,*#....M...*#....^.,,,,,,,*
,,,,,,,*#.Ms9B.##........,,,,,,*
,,,,,,,*#.ZM9s.##........,^,,,,*
,,,,,^,,#.MMsM9#.^.......,,,,,,*
,,,,^,,,#..M9.M#(...$...$,,,,,,*
,,,,,,,,'..ML.W)).......$,,,,,**
,,,,,,,,#..MW..#§......$[,,,,**
,,,,,,,,#.....M#@.)....$:,,,**
,,,,,,^*#......##°...$$$),,**
,,,,,,,*#......##.....$)),**
,,,,,,**#.§§...###°..$$=:**
*,,,,** #...^..# *#..$$[#*
****** ######## *######


You could see 2 royal mummies, 2 emperor scorpions, a mummy priest, 3 ushabtiu
and a death scarab (summoned, wandering).

Vanquished Creatures
  An ancient lich (Crypt:1)
  2 dread liches
  Mennas (Vaults:2)
  Mara (Vaults:2)
  28 royal mummies
  2 juggernauts
  Josephina (Depths:4)
  Vv (Depths:4)
  Frederick (Depths:4)
  3 caustic shrikes
  8 golden dragons
  3 bone dragons
  Jory (Depths:4)
  An electric golem (WizLab)
  2 tentacled monstrosities
  Jorgrun (Elf:2)
  17 liches
  A walking earthen tome (Depths:2)
  2 deep elf blademasters
  2 titans
  Asterion (Elf:2)
  7 deep elf master archers
  A quicksilver dragon (Depths:2)
  The ghost of Riotrumm the Slayer, an adept MiFi of the Shining One (Snake:3)
  A walking divine tome (Depths:2)
  4 walking frostbound tomes
  An Executioner (Tomb:2)
  2 tentacled starspawn (Abyss:4)
  15 sphinxes
  Polyphemus (Shoals:2)
  15 ancient champions
  6 tengu reavers
  Frances (Elf:1)
  3 shadow dragons
  A storm dragon (Depths:4)
  Roxanne (Elf:3)
  3 revenants
  Donald (Elf:3)
  11 nagarajas
  14 slime creatures
  11 fire giants
  6 deep elf sorcerers
  4 vault wardens
  A draconian scorcher (Depths:4)
  12 frost giants
  A balrug (Depths:4)
  5 iron dragons
  Louise (Elf:3)
  3 angels
  3 deep elf elementalists (Elf:3)
  2 orc warlords
  7 ghouls
  4 caustic shrike skeletons
  A draconian stormcaller (Depths:4)
  8 ironbound preservers
  A draconian annihilator (Crypt:1)
  A curse skull (Crypt:1)
  22 very ugly things
  2 spriggan defenders
  26 stone giants
  6 bennus
  4 ironbound thunderhulks
  3 war gargoyles (WizLab)
  2 green draconians
  2 vampire knights
  A rockslime zombie (Crypt:3)
  13 dire elephants
  7 deep elf demonologists
  8 deep elf annihilators
  A yellow draconian (Snake:1)
  2 red draconians (Depths:4)
  2 black draconians
  6 minotaurs
  5 spark wasps (Depths:2)
  5 white draconians
  Snorg (D:10)
  8 deep elf death magi
  7 eidola
  22 mummy priests
  A crystal guardian (WizLab)
  8 ettins
  7 merfolk impalers
  5 fire dragons
  9 merfolk javelineers
  A quicksilver dragon zombie (Crypt:3)
  5 yaktaur captains
  5 jiangshi (Crypt:3)
  2 deep elf high priests (Elf:3)
  A great orb of eyes (Abyss:3)
  10 ice dragons
  An entropy weaver (Vaults:2)
  5 salamander tyrants
  Fannar (Lair:3)
  7 ogre magi
  A spriggan zombie (Crypt:3)
  2 caustic shrike simulacra (Depths:4)
  A juggernaut simulacrum (Crypt:1)
  5 rakshasas
  18 centaur warriors
  2 spriggan air magi
  9 peacekeepers (WizLab)
  A hydra (Lair:5)
  2 catoblepae
  5 ironbound frosthearts
  4 spriggan skeletons (Crypt:3)
  6 vault guards
  2 alligator snapping turtles
  A merfolk avatar (Shoals:3)
  4 death knights
  10 anacondas
  34 dancing weapons
  A bennu zombie (Crypt:2)
  18 two-headed ogres
  7 satyrs
  4 merfolk aquamancers (Shoals:1)
  75 death scarabs
  2 boulder beetles
  8 deep troll shamans
  21 naga warriors
  12 tengu warriors
  An azure jelly zombie (Crypt:1)
  A fenstrider witch skeleton (Crypt:3)
  Urug (D:11)
  5 deep troll earth magi
  6 vampire magi
  A thrashing horror (Abyss:3)
  5 death yaks
  An orc high priest (Elf:2)
  6 spriggan berserkers
  15 naga sharpshooters
  9 soul eaters (Crypt:1)
  4 hell knights
  7 shock serpents
  17 deep elf knights
  4 large abominations
  2 wretched stars
  Sonja (D:10)
  2 sun demons (Depths:4)
  5 salamander mystics
  3 iron trolls
  4 shadow wraiths
  36 skeletal warriors
  Amaemon (Lair:3)
  A fire crab (Gauntlet)
  A spark wasp zombie (Depths:2)
  12 sea snakes
  Lodul (D:11)
  A glowing orange brain (shapeshifter) (Vaults:2)
  7 titan skeletons (Crypt:3)
  41 deep trolls
  2 bog bodies (Crypt:2)
  An iron giant zombie (Crypt:3)
  4 phantasmal warriors
  2 glowing orange brains
  A wolf spider zombie (Crypt:1)
  2 shadow dragon zombies
  4 flayed ghosts
  15 deep elf archers
  12 naga ritualists
  A tengu zombie (Depths:2)
  6 necromancers
  An anaconda skeleton (Crypt:2)
  35 deep elf pyromancers
  An orange crystal statue (Gauntlet)
  5 ironbound convokers
  6 wizards
  11 mana vipers
  20 harpies
  9 lindwurms
  29 deep elf zephyrmancers
  2 orc knights
  45 ugly things
  2 wolf spiders
  A faun (shapeshifter) (Elf:2)
  A tengu skeleton (Crypt:3)
  24 fauns
  A frost giant zombie (Depths:2)
  14 manticores
  An oklob plant (Lair:4)
  26 salamanders
  11 cyclopes
  2 orc sorcerers (Orc:2)
  A salamander (shapeshifter) (Elf:1)
  6 merfolk sirens
  A black mamba (shapeshifter) (Elf:3)
  A shadow dragon skeleton (Tomb:2)
  2 toenail golems (Volcano)
  19 naga magi
  A titan simulacrum (Depths:4)
  13 guardian serpents
  9 water nymphs
  15 elephants (Lair:4)
  A fire giant skeleton (Depths:2)
  A water nymph (shapeshifter) (Depths:3)
  47 black mambas
  14 cane toads
  9 vault sentinels
  7 gargoyles
  6 molten gargoyles
  A centaur skeleton (Tomb:1)
  2 kobold demonologists
  An unseen horror (D:12)
  An orange demon (Lair:3)
  10 freezing wraiths
  An orb spider zombie (Crypt:3)
  2 rime drakes (Lair:4)
  4 efreet
  Psyche (D:9)
  8 tengu conjurers
  A swamp worm zombie (Crypt:3)
  An anaconda simulacrum (Crypt:3)
  8 komodo dragons
  55 guardian mummies
  13 yaktaurs
  A harpy zombie (Crypt:3)
  A white draconian skeleton (Crypt:1)
  8 trolls
  A grey draconian skeleton (Crypt:3)
  5 meliai (Depths:2)
  A silent spectre (Crypt:1)
  49 merfolk
  8 wind drakes
  11 polar bears
  A hornet (shapeshifter) (D:14)
  2 hydra skeletons
  4 hornets
  9 blink frogs
  2 ettin zombies
  3 raiju
  A raiju (shapeshifter) (Depths:3)
  3 harpy skeletons
  3 snapping turtles
  A jumping spider zombie (Crypt:1)
  9 dream sheep
  A frost giant simulacrum (Depths:2)
  22 flying skulls
  A jumping spider (Vaults:2)
  A culicivora (Vaults:2)
  Sigmund (D:3)
  18 water elementals
  3 air elementals
  5 wraiths
  A ynoxinul (Abyss:4)
  An ettin skeleton (Crypt:3)
  A centaur simulacrum (D:15)
  2 vampires
  A shadow (D:12)
  35 yaks
  9 wyverns
  13 ushabtiu
  4 basilisks
  4 fire bats (Gauntlet)
  Eustachio (D:5)
  3 redbacks
  16 fire elementals
  6 vampire mosquitoes
  A glowing shapeshifter zombie (Depths:2)
  10 wargs
  36 nagas
  4 acid dragons
  25 water moccasins
  A fire bat skeleton (Crypt:2)
  A floating eye (Depths:2)
  A sky beast (D:7)
  15 hell hounds
  An ice dragon simulacrum (Crypt:1)
  24 orc warriors
  A swamp drake (D:11)
  12 black bears
  2 ice beasts
  A boggart (Vaults:2)
  An elephant skeleton (Crypt:2)
  22 wolves
  17 centaurs
  5 small abominations
  36 ogres
  9 bullfrogs
  2 salamander zombies
  3 kobold brigands
  3 gnoll sergeants
  3 scorpions
  2 glowing shapeshifter simulacra
  11 necrophages
  8 earth elementals
  16 wights (Crypt:3)
  15 killer bees
  A yak zombie (Crypt:3)
  5 howler monkeys
  2 vampire bats (D:14)
  4 electric eels
  A bullfrog skeleton (Crypt:2)
  7 hounds
  12 orc priests
  5 gnoll boudas
  4 jellies
  Jessica (D:2)
  Terence (D:3)
  4 iguanas
  20 orc wizards
  9 hell rats
  2 lightning spires (WizLab)
  A killer bee zombie (Crypt:3)
  6 naga skeletons
  50 mummies
  A howler monkey zombie (Crypt:3)
  6 adders
  18 gnolls
  10 river rats (Lair:4)
  A swamp drake zombie (Crypt:1)
  4 white imps
  2 ufetubi
  An iguana skeleton (Crypt:1)
  2 worms
  2 dart slugs
  75 orcs
  10 ball pythons
  6 bats
  2 bat skeletons (D:14)
  3 bat zombies (D:14)
  13 endoplasms
  16 giant cockroaches
  10 goblins
  8 hobgoblins
  8 jackals
  9 quokkas
  A dart slug zombie (Crypt:2)
  13 frilled lizards
  20 kobolds
  2 orc zombies
  7 rats
  2 starspawn tentacles (Abyss:4)
2425 creatures vanquished.

Vanquished Creatures (others)
  A titan (Lair:1)
  A very ugly thing (Depths:2)
  A deep elf annihilator (Elf:3)
  A merfolk impaler (Shoals:1)
  2 fire dragons (Depths:3)
  A naga warrior (Snake:4)
  A deep elf knight (Elf:1)
  2 deep elf pyromancers
  A deep elf zephyrmancer (Crypt:1)
  A manticore (Shoals:2)
  A naga mage (Snake:3)
  A human (Crypt:1)
  2 nagas (Snake:2)
  3 mummies
  A gnoll (D:9)
  An orc (Elf:2)
  2 fire vortices (Volcano)
  47 fungi
  A lurking horror (Abyss:4)
  148 plants
  6 starspawn tentacles (Abyss:4)
  5 toadstools (D:1)
230 creatures vanquished.

Grand Total: 2655 creatures vanquished

Notes
Turn   | Place    | Note
-------+----------+-------------------------------------------
     0 | D:1      | MTVSty1e the Minotaur Fighter began the quest for the Orb.
     0 | D:1      | Reached XP level 1. HP: 19/19 MP: 0/0
   180 | D:1      | Reached XP level 2. HP: 27/27 MP: 1/1
   221 | D:1      | You fall into a shaft and drop 1 floor!
   536 | D:1      | Reached XP level 3. HP: 32/33 MP: 2/2
   685 | D:2      | Found Kuplystrudul's General Store.
   789 | D:2      | Noticed Jessica
   803 | D:2      | Killed Jessica
  1032 | D:2      | Reached XP level 4. HP: 41/41 MP: 3/3
  1787 | D:3      | Found a glowing drain.
  1825 | Sewer    | Entered a sewer
  1908 | Sewer    | Reached XP level 5. HP: 47/47 MP: 4/4
  2019 | Sewer    | Reached skill level 5 in Fighting
  2019 | Sewer    | Reached skill level 5 in Axes
  2192 | D:3      | Noticed Sigmund
  2193 | D:3      | Noticed Terence
  2668 | D:4      | Identified a scroll of acquirement
  2668 | D:4      | Acquired 851 gold pieces
  2719 | D:4      | Reached XP level 6. HP: 45/56 MP: 5/5
  2847 | D:4      | Found a staircase to the Ecumenical Temple.
  2857 | Temple   | Entered the Ecumenical Temple
  3010 | Temple   | Became a worshipper of Warmaster Okawaru
  3709 | D:4      | Found a shimmering blue altar of Sif Muna.
  3791 | D:3      | Identified the +3 spear "Wuqan" {flame, Fragile rElec rPois
                  | rCorr}
  3839 | D:3      | Killed Terence
  4200 | D:3      | Killed Sigmund
  4200 | D:3      | Reached * piety under Okawaru
  4201 | D:3      | Reached XP level 7. HP: 64/64 MP: 6/6
  4523 | D:5      | Entered Level 5 of the Dungeon
  4544 | D:5      | Noticed a yak
  4572 | D:5      | Killed a yak
  4576 | D:5      | Noticed a komodo dragon
  4740 | D:5      | Reached ** piety under Okawaru
  4741 | D:5      | Reached XP level 8. HP: 73/73 MP: 7/7
  4743 | D:5      | Noticed Eustachio
  4783 | D:5      | Killed a komodo dragon
  4792 | D:5      | Reached skill level 10 in Axes
  4806 | D:5      | Killed Eustachio
  5167 | D:5      | Found a transporter.
  5218 | D:5      | Found a transporter.
  5222 | D:5      | Noticed Sapher's ghost (amateur MeEE)
  5365 | D:5      | Reached *** piety under Okawaru
  5365 | D:5      | Received a gift from Okawaru
  5866 | D:5      | Reached XP level 9. HP: 79/82 MP: 8/8
  5888 | D:5      | Noticed a troll
  5899 | D:4      | Killed a troll
  6870 | D:6      | Identified the +6 long sword "Dach" {drain, Str+2 Int+3
                  | Dex+3 Stlth+}
  7223 | D:7      | Reached skill level 10 in Fighting
  7291 | D:7      | Reached **** piety under Okawaru
  8058 | D:7      | Reached XP level 10. HP: 94/94 MP: 9/9
  9175 | D:9      | Noticed Psyche
  9356 | D:9      | Killed Psyche
  9356 | D:9      | Reached ***** piety under Okawaru
  9624 | D:9      | Reached skill level 15 in Axes
 10187 | D:9      | Found Zynefeal's Antique Armour Shop.
 10192 | D:9      | Bought a glowing kite shield for 262 gold pieces
 10254 | D:9      | Found a staircase to the Lair.
 10642 | Lair:1   | Entered Level 1 of the Lair of Beasts
 10857 | Lair:1   | Noticed a boulder beetle
 10860 | Lair:1   | Reached skill level 1 in Invocations
 10898 | Lair:1   | Killed a boulder beetle
 10899 | Lair:1   | Reached XP level 11. HP: 87/104 MP: 9/11
 11421 | Lair:1   | Reached skill level 5 in Armour
 11421 | Lair:1   | Reached skill level 5 in Shields
 11883 | Lair:2   | Found a staircase to the Shoals.
 11900 | Lair:2   | Received a gift from Okawaru
 13548 | Lair:3   | Noticed Fannar
 13576 | Lair:3   | Killed Fannar
 13894 | Lair:3   | Found a staircase to the Snake Pit.
 13926 | Lair:3   | Noticed Amaemon
 14056 | Lair:3   | Killed Amaemon
 14056 | Lair:3   | Received a gift from Okawaru
 15487 | Lair:3   | Reached ****** piety under Okawaru
 15490 | Lair:3   | Reached XP level 12. HP: 103/113 MP: 14/14
 15923 | Lair:4   | Identified the +2 robe "Latafu" {Harm Str+6 Slay+2}
 15982 | Lair:4   | Received a gift from Okawaru
 16107 | Lair:4   | Reached skill level 5 in Invocations
 16432 | Lair:4   | Received a gift from Okawaru
 17075 | Lair:5   | Entered Level 5 of the Lair of Beasts
 17093 | Lair:5   | Noticed a catoblepas
 17203 | Lair:5   | Found a dark tunnel.
 17212 | Volcano  | Entered a volcano
 17226 | Volcano  | Received a gift from Okawaru
 17503 | Volcano  | Reached XP level 13. HP: 108/123 MP: 16/16
 18591 | Lair:5   | Received a gift from Okawaru
 19796 | Lair:5   | Received a gift from Okawaru
 19926 | Lair:5   | Reached skill level 10 in Armour
 19926 | Lair:5   | Reached skill level 10 in Shields
 20223 | Lair:5   | Found a viscous altar of Jiyva.
 20224 | Lair:5   | Found a staircase to the Slime Pits.
 20564 | Lair:5   | Identified the +0 ring mail of Forking Paths {Int+3}
 20746 | Lair:5   | Identified the +3 leather armour of Pibaemm {rPois Int+3}
 20755 | Lair:5   | Acquired the +13 crystal plate armour of Prudence {rElec
                  | Dex+4}
 20827 | Lair:5   | Reached XP level 14. HP: 103/133 MP: 18/18
 21339 | D:10     | Entered Level 10 of the Dungeon
 21376 | D:10     | Noticed Sonja
 21378 | D:10     | Killed Sonja
 21509 | D:10     | Identified the +6 trident of Uwnol {venom, rPois Dex+2}
 21720 | D:10     | Noticed Snorg
 21727 | D:10     | Killed Snorg
 21895 | D:10     | Received a gift from Okawaru
 22244 | D:11     | Reached skill level 15 in Fighting
 22394 | D:11     | Noticed Lodul
 22403 | D:11     | Killed Lodul
 22582 | D:11     | Found a staircase to the Orcish Mines.
 22699 | D:11     | Noticed Urug
 22709 | D:11     | Killed Urug
 23733 | D:12     | Found Fehac's General Store.
 23750 | D:12     | Found a portal to a secret trove of treasure.
 24318 | D:13     | Identified the +0 crystal plate armour of Waerch {SInv}
                  | (Okawaru gifted it to you on level 13 of the Dungeon)
 24318 | D:13     | Received a gift from Okawaru
 24500 | D:13     | Found a gate to the Vaults.
 24881 | D:13     | Reached XP level 15. HP: 141/141 MP: 20/20
 25450 | D:14     | Paralysed by a hornet for 1 turns
 25604 | D:14     | Found an ancient bone altar of Kikubaaqudgha.
 26016 | D:15     | Entered Level 15 of the Dungeon
 26115 | D:15     | Received a gift from Okawaru
 26140 | D:15     | Found a gate leading to a gauntlet.
 26145 | Gauntlet | Entered a Gauntlet
 26145 | Gauntlet | Found a transporter.
 26154 | Gauntlet | Found a runed translucent door.
 26156 | Gauntlet | Found a transporter.
 26158 | Gauntlet | Found a transporter.
 26159 | Gauntlet | Found a transporter.
 26162 | Gauntlet | Found a transporter.
 26163 | Gauntlet | Found a transporter.
 26178 | Gauntlet | Found a transporter.
 26184 | Gauntlet | Found a runed translucent door.
 26194 | Gauntlet | Found a transporter.
 26212 | Gauntlet | Found a transporter.
 26216 | Gauntlet | Found a transporter.
 26229 | Gauntlet | Found a transporter.
 26259 | Gauntlet | Found a runed translucent door.
 26284 | Gauntlet | Found a transporter.
 26380 | Gauntlet | Identified the ring of the Tortured Grape {rC++ rN+ Str-5
                  | Int+4}
 26415 | Gauntlet | Identified the +3 cloak of Intuition {Regen+}
 26476 | Gauntlet | Identified the +5 ring mail of Quypal {rElec rC+++ Str-4
                  | Int-4}
 26529 | Gauntlet | Identified the +1 pair of boots of Fuugenor {Contam rElec
                  | Int+4}
 26532 | Gauntlet | Identified the +7 trident of True Grit {vorpal, rF+ rC+
                  | Str+2}
 26991 | D:15     | Found a staircase to the Depths.
 27500 | Orc:1    | Entered Level 1 of the Orcish Mines
 27957 | Orc:2    | Entered Level 2 of the Orcish Mines
 27992 | Orc:2    | Gained mutation: Your spells are a little easier to cast,
                  | but a little less powerful. [a neqoxec]
 28022 | Orc:2    | Reached skill level 10 in Invocations
 28029 | Orc:2    | Received a gift from Okawaru
 28075 | Orc:2    | Reached XP level 16. HP: 78/152 MP: 22/22
 28120 | Orc:2    | Found Wenoasef's Weapon Shoppe.
 28120 | Orc:2    | Found Anuch's Antique Weapon Boutique.
 28126 | Orc:2    | Found Geakutz's Weapon Shop.
 28126 | Orc:2    | Found Miseim's Armour Shoppe.
 28136 | Orc:2    | Bought the +2 hat of the Bear Spirit {Spirit, *Rage Will++}
                  | for 488 gold pieces
 28136 | Orc:2    | Found the +2 hat of the Bear Spirit {Spirit, *Rage Will++}
 28218 | Orc:2    | Found Rihaafil's Book Emporium.
 28459 | Orc:2    | Found a staircase to the Elven Halls.
 28731 | Elf:1    | Entered Level 1 of the Elven Halls
 28759 | Elf:1    | Received a gift from Okawaru
 28850 | Elf:1    | Found Muhux's Magic Scroll Shop.
 28850 | Elf:1    | Noticed Frances
 28865 | Elf:1    | Killed Frances
 29156 | Elf:1    | Noticed a Brimstone Fiend
 29568 | Abyss:3  | Cast into level 3 of the Abyss (a deep elf demonologist)
 29708 | Abyss:3  | Noticed a bone dragon
 29726 | Abyss:3  | Killed a bone dragon
 29726 | Abyss:3  | Received a gift from Okawaru
 29840 | Abyss:3  | Noticed an Executioner
 30017 | Abyss:4  | Noticed a tentacled starspawn
 30017 | Abyss:4  | Noticed a bone dragon
 30017 | Abyss:4  | Noticed a lich
 30018 | Abyss:4  | Noticed a tentacled starspawn
 30031 | Abyss:4  | Killed a tentacled starspawn
 30031 | Abyss:4  | Killed a lich
 30032 | Abyss:4  | Killed a tentacled starspawn
 30049 | Abyss:4  | Killed a bone dragon
 30049 | Abyss:4  | Received a gift from Okawaru
 30062 | Elf:1    | Escaped the Abyss
 30769 | D:12     | You paid a toll of 2 scrolls of acquirement to enter a
                  | treasure trove
 30770 | Trove    | Entered a treasure trove
 30772 | Trove    | Found the +3 hat of Pondering {ponderous, Will+ MP+10
                  | Int+5}
 30773 | Trove    | Found the +0 pair of fencer's gloves {Riposte Dex+3}
 30774 | Trove    | Identified the +0 robe of Nufuh {Will- Int+3 Slay+5}
 30775 | Trove    | Identified the +1 pair of boots of Vycoll {rElec rC+ rCorr}
 30780 | Trove    | Identified the +4 kite shield "Toevonee" {rElec Regen+
                  | Dex+2}
 30782 | Trove    | Identified the +0 kite shield of Valour {Rampage Str+2
                  | Int+3}
 30786 | Trove    | Identified the +0 plate armour "Favyt" {Str+6 Stlth-}
 30787 | Trove    | Identified the +1 pair of boots of the Thoughtful Xeniums
                  | {Fly rC- rN+ Regen+}
 30788 | Trove    | Identified the +1 chain mail of the Known World {Regen+}
 30921 | D:12     | Acquired the ring of Togomud {Int+4 Slay+4}
 31421 | Elf:2    | Reached XP level 17. HP: 162/162 MP: 24/24
 31515 | Elf:2    | Received a gift from Okawaru
 31830 | Elf:2    | Noticed Jorgrun
 31840 | Elf:2    | Killed Jorgrun
 31910 | Elf:2    | Found a runed translucent gate.
 31910 | Elf:2    | Found a runed translucent gate.
 31919 | Elf:2    | Found a runed translucent gate.
 32424 | Elf:2    | Noticed Asterion
 32502 | Elf:2    | Killed Asterion
 33029 | Elf:3    | Entered Level 3 of the Elven Halls
 33029 | Elf:3    | Noticed Donald
 33043 | Elf:3    | Killed Donald
 33380 | Elf:3    | Found Qecuemm's Antique Weapon Boutique.
 33400 | Elf:3    | Identified Roxanne's Folio of the Rocks
 33400 | Elf:3    | Noticed Roxanne
 33426 | Elf:3    | Killed Roxanne
 33496 | Elf:3    | Acquired the amulet of Ynoil {Reflect rN+ Will+++ Regen+
                  | Int-3 SH+5}
 33602 | Elf:3    | Received a gift from Okawaru
 33683 | Elf:3    | Paralysed by an air elemental for 1 turns
 33999 | Elf:3    | Noticed a deep elf master archer
 34033 | Elf:3    | Paralysed by an air elemental for 1 turns
 34034 | Elf:3    | Noticed a deep elf master archer
 34045 | Elf:3    | Killed a deep elf master archer
 34049 | Elf:3    | Noticed a deep elf master archer
 34050 | Elf:3    | Noticed a Hell Sentinel
 34268 | Elf:3    | Noticed a deep elf blademaster
 34295 | Elf:3    | Killed a deep elf blademaster
 34403 | Elf:3    | Killed a deep elf master archer
 34405 | Elf:3    | Killed a ghostly deep elf master archer
 34407 | Elf:3    | Killed a deep elf master archer
 34407 | Elf:3    | Identified the +1 chain mail of Hairiness {rC+ Dex+6}
                  | (Okawaru gifted it to you on level 3 of the Elven Halls)
 34407 | Elf:3    | Received a gift from Okawaru
 34408 | Elf:3    | Reached skill level 15 in Armour
 34408 | Elf:3    | Noticed Louise
 34502 | Elf:3    | Killed Louise
 34507 | Elf:3    | Reached skill level 15 in Shields
 34567 | Elf:3    | Identified the +6 great mace of Foolhardiness {venom, Fly
                  | rF+++ rC- Str+3}
 34567 | Elf:3    | Identified the ring of the Two Names {rElec rC+ Will++
                  | Int-3}
 34585 | Elf:3    | Reached XP level 18. HP: 172/172 MP: 8/26
 34685 | Elf:3    | Identified the +4 spear of War {antimagic, rF++ Int+7}
 34777 | Elf:3    | Found the +8 arc blade {discharge, rElec}
 34810 | Elf:3    | Got the Meditations on the Wind
 34822 | Elf:3    | Identified the +8 sling "Qeufuefi" {drain, Str+4}
 34825 | Elf:3    | Identified the +4 ring mail of Marbles {rF+}
 35428 | Shoals:1 | Entered Level 1 of the Shoals
 35610 | Shoals:1 | Found Gyut's Distillery.
 35634 | Shoals:1 | Identified the +4 plate armour "Nausin" {Str+9} (Okawaru
                  | gifted it to you on level 1 of the Shoals)
 35634 | Shoals:1 | Received a gift from Okawaru
 35738 | Shoals:1 | Bought a potion of haste for 150 gold pieces
 35738 | Shoals:1 | Bought a potion of curing for 45 gold pieces
 35738 | Shoals:1 | Bought a potion of might for 60 gold pieces
 35738 | Shoals:1 | Bought a potion of curing for 45 gold pieces
 35738 | Shoals:1 | Bought 2 potions of curing for 90 gold pieces
 35738 | Shoals:1 | Bought a potion of heal wounds for 75 gold pieces
 36661 | Shoals:2 | Noticed Polyphemus
 36676 | Shoals:2 | Killed Polyphemus
 36890 | Shoals:2 | Found Eddasketob's Antique Weapon Shop.
 37252 | Shoals:3 | Found a runed translucent door.
 38134 | Shoals:4 | Entered Level 4 of the Shoals
 38463 | Shoals:4 | Reached XP level 19. HP: 182/182 MP: 23/27
 38468 | Shoals:4 | Got a barnacled rune of Zot
 38505 | Shoals:4 | Received a gift from Okawaru
 38595 | Shoals:4 | Found the +10 morningstar "Eos" {elec, Halo rElec}
 39238 | Depths:1 | Entered Level 1 of the Depths
 39499 | Temple   | Fell from the grace of Okawaru
 39499 | Temple   | Became a worshipper of the Shining One
 39881 | Depths:1 | Found a faded altar of an unknown god.
 39881 | Depths:1 | Found a hazy altar of Hepliaklqana.
 39883 | Depths:1 | Found a faded altar of an unknown god.
 40040 | Depths:1 | Found a gateway to Hell.
 40073 | Depths:1 | Reached * piety under the Shining One
 40336 | Depths:1 | Found Fux Feef's Book Emporium.
 40444 | Depths:1 | Noticed a golden dragon
 40452 | Depths:1 | Killed a golden dragon
 41031 | Depths:2 | Reached ** piety under the Shining One
 41076 | Depths:2 | Identified the +0 quarterstaff of Virtue {freeze, +Blink
                  | rElec}
 41101 | Depths:2 | Noticed a caustic shrike
 41127 | Depths:2 | Killed a caustic shrike
 41632 | Depths:2 | Reached *** piety under the Shining One
 42277 | Snake:1  | Entered Level 1 of the Snake Pit
 42277 | Snake:1  | Found Tetuir's Magic Scroll Shoppe.
 42310 | Snake:1  | Reached XP level 20. HP: 173/193 MP: 22/29
 42390 | Snake:1  | Bought a scroll of blinking for 112 gold pieces
 42390 | Snake:1  | Bought a scroll of teleportation for 45 gold pieces
 42390 | Snake:1  | Bought a scroll of teleportation for 45 gold pieces
 42390 | Snake:1  | Bought a scroll of teleportation for 45 gold pieces
 42418 | Snake:1  | Found Hycrel's Book Boutique.
 42420 | Snake:1  | Found Lauwnu's Jewellery Emporium.
 42421 | Snake:1  | Found Ywerch's Book Boutique.
 42518 | Snake:1  | Found Wityufel's Book Boutique.
 42561 | Snake:1  | Found Heni's General Store.
 42633 | Snake:1  | Found Qucal's Weapon Shoppe.
 42731 | Snake:1  | Found Omeoxtit's Armour Shop.
 43235 | Snake:2  | Found a transporter.
 43259 | Snake:2  | Found Hytuh's Jewellery Emporium.
 43259 | Snake:2  | Found Zeziorgh's General Store.
 43265 | Snake:2  | Reached skill level 27 in Axes
 43271 | Snake:2  | Found Diceu's Assorted Antiques.
 43278 | Snake:2  | Reached **** piety under the Shining One
 43524 | Snake:1  | Acquired a manual of Fighting
 43739 | Snake:2  | You fall into a shaft and drop 1 floor!
 43754 | Snake:3  | Found Wifiqiyrph's General Store.
 43992 | Snake:2  | Found Ileug's Armour Shoppe.
 43994 | Snake:2  | Bought a potion of resistance for 310 gold pieces
 44091 | Snake:2  | Found a transporter.
 44104 | Snake:2  | Found a transporter.
 44104 | Snake:2  | Found a transporter.
 44109 | Snake:2  | Found a transporter.
 44141 | Snake:2  | Found a transporter.
 44680 | Snake:3  | Found Ruviaguxt's Armour Shop.
 44726 | Snake:3  | Found a runed translucent door.
 44726 | Snake:3  | Noticed Riotrumm's ghost (adept MiFi)
 44726 | Snake:3  | Found the +8 autumn katana {vorpal, manifold assault}
 44745 | Snake:3  | Killed Riotrumm's ghost
 45248 | Snake:4  | Entered Level 4 of the Snake Pit
 45363 | Snake:4  | Found Gagyok's Antique Weapon Shop.
 45724 | Snake:4  | Reached skill level 15 in Invocations
 45922 | Snake:4  | Reached XP level 21. HP: 209/209 MP: 29/31
 46558 | Snake:4  | Got a serpentine rune of Zot
 46777 | Slime:1  | Entered Level 1 of the Pits of Slime
 47105 | Depths:1 | Was forgiven by Okawaru
 47479 | Depths:2 | Reached ***** piety under the Shining One
 47662 | Depths:2 | Identified the +10 great sword of Foew {antimagic, Dex+6}
 47747 | Depths:2 | Noticed a golden dragon
 47754 | Depths:2 | Noticed a golden dragon
 47762 | Depths:2 | Killed a golden dragon
 47772 | Depths:2 | Killed a golden dragon
 47795 | Depths:2 | Identified the +5 morningstar of Foolhardiness {vorpal,
                  | rElec rPois Dex+2}
 47837 | Depths:2 | Found a one-way gateway to a ziggurat.
 47848 | Depths:2 | Identified the ring "Haomnur" {Contam rF+ Str+2 Slay+3}
 47859 | Depths:2 | Identified the +1 robe of Ruor {Rampage rPois rF+ Slay+3}
 47903 | Depths:2 | Found a one-way gate leading to the halls of Pandemonium.
 47904 | Depths:2 | Found a one-way gate to the infinite horrors of the Abyss.
 47958 | Depths:2 | Identified the +7 hand axe of Responsibility {vorpal, rElec
                  | rCorr Str-3}
 48404 | Depths:3 | Noticed a caustic shrike
 48412 | Depths:3 | Noticed a juggernaut
 48414 | Depths:3 | Noticed a golden dragon
 48416 | Depths:3 | Killed a caustic shrike
 48421 | Depths:3 | Killed a juggernaut
 48421 | Depths:3 | Noticed a caustic shrike
 48428 | Depths:3 | Killed a golden dragon
 48443 | Depths:3 | Noticed a golden dragon
 48443 | Depths:3 | Killed a caustic shrike
 48444 | Depths:3 | Noticed a golden dragon
 48630 | Depths:3 | Identified the +2 rapier of Ejisagg {venom, Str+4 Stlth+}
 48637 | Depths:2 | Killed a golden dragon
 48678 | Depths:3 | Noticed a golden dragon
 48705 | Depths:3 | Killed a golden dragon
 48714 | Depths:3 | Reached XP level 22. HP: 226/226 MP: 26/33
 48717 | Depths:3 | Killed a golden dragon
 48784 | Depths:3 | Identified the +6 quarterstaff of Pestilence {elec, rN++
                  | Dex+5}
 49223 | Depths:3 | Found a sparkling altar of Nemelex Xobeh.
 49507 | Depths:4 | Entered Level 4 of the Depths
 49507 | Depths:4 | Noticed Frederick
 49514 | Depths:4 | Killed Frederick
 49717 | Depths:4 | Found a flickering gateway to a bazaar.
 49733 | Bazaar   | Entered a bazaar
 49733 | Bazaar   | Found Ceygulurch's Assorted Antiques.
 49739 | Bazaar   | Found Xoityri's Magic Scroll Boutique.
 49748 | Bazaar   | Found Naschuh's Weapon Shoppe.
 49750 | Bazaar   | Bought a scroll of enchant armour for 60 gold pieces
 49750 | Bazaar   | Bought a scroll of identify for 16 gold pieces
 49750 | Bazaar   | Bought a scroll of teleportation for 24 gold pieces
 49750 | Bazaar   | Bought a scroll of identify for 16 gold pieces
 49750 | Bazaar   | Bought 2 scrolls of identify for 32 gold pieces
 49754 | Bazaar   | Found Pudotus's Antique Weapon Boutique.
 49792 | Bazaar   | Found Baucayts's Weapon Boutique.
 49858 | Depths:4 | Identified the ring of Sitriny {Ice *Corrode Str+4}
 49858 | Depths:4 | Noticed Josephina
 49858 | Depths:4 | Reached ****** piety under the Shining One
 49870 | Depths:4 | Killed Josephina
 49957 | Depths:4 | Identified a +9 broad axe of holy wrath (a +7 spectral
                  | broad axe blessed by the Shining One)
 49957 | Depths:4 | Received a gift from the Shining One
 50037 | Depths:4 | Noticed a golden dragon
 50048 | Depths:4 | Killed a golden dragon
 50095 | Depths:4 | Noticed Jory
 50099 | Depths:4 | Noticed a juggernaut
 50106 | Depths:4 | Killed Jory
 50122 | Depths:4 | Killed a juggernaut
 50173 | Depths:4 | Noticed Vv
 50222 | Depths:4 | Killed Vv
 50451 | Depths:4 | Found a glowing silver altar of Zin.
 50657 | Depths:4 | Found a gate to the Realm of Zot.
 51188 | Vaults:1 | Entered Level 1 of the Vaults
 52689 | Vaults:1 | Reached XP level 23. HP: 223/238 MP: 34/34
 53710 | Vaults:2 | Noticed Mennas
 53713 | Vaults:2 | Noticed Mara
 53717 | Vaults:2 | Noticed MTVSty1e's illusion
 53754 | Vaults:2 | Killed Mennas
 53755 | Vaults:2 | Reached skill level 27 in Fighting
 53782 | Vaults:2 | Killed Mara
 53993 | Vaults:2 | Found Ricaurr's Jewellery Shop.
 54017 | Vaults:2 | Bought the ring "Qoamax" {rElec rPois rN+++ Int-4 Dex-5}
                  | for 541 gold pieces
 54101 | Vaults:2 | Found a staircase to the Crypt.
 54101 | Vaults:2 | Found an ancient bone altar of Kikubaaqudgha.
 54101 | Vaults:2 | Found a basalt altar of Yredelemnul.
 54154 | Vaults:2 | Identified the +1 robe of Beobutant {rN+ Int-3 Dex+3}
 54211 | Crypt:1  | Entered Level 1 of the Crypt
 54461 | Crypt:1  | Acquired a +0 hat of willpower
 54783 | Crypt:1  | Found a runed door.
 55134 | Crypt:1  | Noticed a dread lich
 55140 | Crypt:1  | Noticed an ancient lich
 55143 | Crypt:1  | Killed a dread lich
 55149 | Crypt:1  | Killed an ancient lich
 55163 | Crypt:1  | Identified the amulet of Tiebru {Regen+ Slay+3 SInv}
 55214 | Crypt:1  | Got the Anthology of Fog
 55215 | Crypt:1  | Identified the ring of Oriroabb {rN+ Str+2}
 55224 | Crypt:1  | Acquired the +0 pair of gloves "Gaono" {Int+6}
 55416 | Crypt:1  | Identified the +0 robe of Greed {*Slow rN++ rCorr}
 55729 | Crypt:2  | Identified the +1 chain mail of Weightlessness {rPois rF-
                  | rCorr MP+9}
 55809 | Crypt:2  | Reached skill level 1 in Dodging
 56169 | Crypt:3  | Entered Level 3 of the Crypt
 56169 | Crypt:3  | Found a magical portal.
 56177 | WizLab   | Entered Maxwell's Workshop
 56266 | WizLab   | Identified the ring of Yendor {Fire Int+2 Dex+3}
 56338 | WizLab   | Reached XP level 24. HP: 218/249 MP: 35/35
 56533 | WizLab   | Identified the ring of Amusuipnaps {Fire rElec rN+ Str-3
                  | Dex+3}
 56562 | WizLab   | Identified the +1 leather armour of Gozag's Displeasure
                  | {Will+ Dex+4}
 56569 | WizLab   | Identified the ring "Qirghenti" {Ice *Slow rElec rCorr
                  | Stlth+}
 57332 | Crypt:3  | Noticed a dread lich
 57333 | Crypt:3  | Found the +2 hood of the Assassin {Detection Stab+ Stlth++}
 57338 | Crypt:3  | Killed a dread lich
 57339 | Crypt:3  | Reached skill level 5 in Dodging
 57363 | Crypt:3  | Identified the +12 falchion of Leebuaki {venom, rN+ Will+}
 57387 | Crypt:3  | Identified the +7 shortbow "Faepaim" {vorpal, rPois Dex+3}
 57511 | Crypt:3  | Identified the amulet of Sutesh {Spirit rCorr}
 57546 | Crypt:3  | Got Korr's Parchment of Ensorcelling and Shapeshifting
 57559 | Crypt:3  | Identified the ring "Noqafriga" {rF+++ rN+ Str-2 Int+5}
 57594 | Crypt:3  | Identified the amulet of Ywonwi {Harm Will+ Regen+}
 57594 | Crypt:3  | Identified the amulet of Gin and Tonic {Regen+ Str+4}
 57876 | Crypt:3  | Found a staircase to the Tomb.
 58156 | Tomb:1   | Entered Level 1 of the Tomb of the Ancients
 58798 | Tomb:1   | Noticed a royal mummy
 58830 | Tomb:1   | Gained mutation: You occasionally lose the ability to drink
                  | potions when taking damage. [mutagenic glow]
 59147 | Tomb:1   | Lost mutation: Your spells are a little easier to cast, but
                  | a little less powerful. [potion of mutation]
 59147 | Tomb:1   | Lost mutation: You occasionally lose the ability to drink
                  | potions when taking damage. [potion of mutation]
 59147 | Tomb:1   | Gained mutation: You expend magic power (3 MP) to
                  | strengthen your wands. [potion of mutation]
 59147 | Tomb:1   | Gained mutation: Your spells are a little harder to cast,
                  | but a little more powerful. [potion of mutation]
 59147 | Tomb:1   | Lost mutation: You expend magic power (3 MP) to strengthen
                  | your wands. [potion of mutation]
 59147 | Tomb:1   | Gained mutation: You possess an exceptional clarity of
                  | mind. [potion of mutation]
 59372 | Tomb:1   | Killed a royal mummy
 59614 | Tomb:2   | Noticed a royal mummy
 59637 | Tomb:2   | Noticed a royal mummy
 59649 | Tomb:2   | Killed a royal mummy
 59650 | Tomb:2   | Reached XP level 25. HP: 105/257 MP: 13/36
 59660 | Tomb:2   | Noticed a royal mummy
 59667 | Tomb:2   | Killed a royal mummy
 59676 | Tomb:2   | Killed a royal mummy
 59681 | Tomb:2   | Noticed a royal mummy
 59727 | Tomb:2   | Gained mutation: You do not regenerate when monsters are
                  | visible. [mutagenic glow]
 60247 | Tomb:2   | Paralysed by a Zot trap for 4 turns
 60252 | Tomb:2   | Gained mutation: You are vulnerable to cold. (rC-)
                  | [mutagenic glow]
 60254 | Tomb:2   | Killed a royal mummy
 60461 | Tomb:2   | Lost mutation: You are vulnerable to cold. (rC-) [potion of
                  | mutation]
 60461 | Tomb:2   | Lost mutation: You possess an exceptional clarity of mind.
                  | [potion of mutation]
 60461 | Tomb:2   | Lost mutation: Your spells are a little harder to cast, but
                  | a little more powerful. [potion of mutation]
 60461 | Tomb:2   | Gained mutation: You have a pair of large horns on your
                  | head. [potion of mutation]
 60461 | Tomb:2   | Gained mutation: You are robust. (+10% HP) [potion of
                  | mutation]
 60462 | Tomb:2   | Lost mutation: You have a pair of large horns on your head.
                  | [potion of mutation]
 60462 | Tomb:2   | Lost mutation: You do not regenerate when monsters are
                  | visible. [potion of mutation]
 60462 | Tomb:2   | Lost mutation: You are robust. (+10% HP) [potion of
                  | mutation]
 60462 | Tomb:2   | Gained mutation: You are agile. (Dex +4, Str/Int -1)
                  | [potion of mutation]
 60462 | Tomb:2   | Gained mutation: You passively map a small area around you.
                  | [potion of mutation]
 60462 | Tomb:2   | Gained mutation: You possess an exceptional clarity of
                  | mind. [potion of mutation]
 60462 | Tomb:2   | Gained mutation: You have a pair of large horns on your
                  | head. [potion of mutation]
 60566 | Tomb:1   | Noticed a royal mummy
 60566 | Tomb:1   | Noticed a royal mummy
 60571 | Tomb:1   | Killed a royal mummy
 60575 | Tomb:1   | Noticed a royal mummy
 60579 | Tomb:1   | Killed a royal mummy
 60581 | Tomb:1   | Killed a royal mummy
 60666 | Tomb:1   | Noticed a royal mummy
 60672 | Tomb:1   | Noticed a royal mummy
 60713 | Tomb:1   | Killed a royal mummy
 60714 | Tomb:1   | Killed a royal mummy
 60714 | Tomb:1   | Noticed a royal mummy
 60724 | Tomb:1   | Killed a royal mummy
 60837 | Tomb:1   | Noticed a royal mummy
 60839 | Tomb:1   | Noticed a royal mummy
 60844 | Tomb:1   | Killed a royal mummy
 60850 | Tomb:1   | Noticed a royal mummy
 60851 | Tomb:1   | Killed a royal mummy
 60865 | Tomb:1   | Killed a royal mummy
 60926 | Tomb:1   | Noticed a royal mummy
 60933 | Tomb:1   | Killed a royal mummy
 60953 | Tomb:1   | Noticed a royal mummy
 60964 | Tomb:1   | Killed a royal mummy
 61013 | Tomb:1   | Noticed a royal mummy
 61027 | Tomb:1   | Killed a royal mummy
 61085 | Tomb:1   | Noticed a royal mummy
 61091 | Tomb:1   | Killed a royal mummy
 61121 | Tomb:1   | Noticed a royal mummy
 61122 | Tomb:1   | Noticed a royal mummy
 61124 | Tomb:1   | Noticed a royal mummy
 61128 | Tomb:1   | Killed a royal mummy
 61147 | Tomb:1   | Noticed a royal mummy
 61156 | Tomb:1   | Killed a royal mummy
 61157 | Tomb:1   | Killed a royal mummy
 61158 | Tomb:1   | Killed a royal mummy
 61386 | Tomb:1   | Noticed a royal mummy
 61394 | Tomb:1   | Killed a royal mummy
 61428 | Tomb:1   | Noticed a royal mummy
 61436 | Tomb:1   | Killed a royal mummy
 61437 | Tomb:1   | Reached skill level 10 in Dodging
 61440 | Tomb:1   | Noticed a royal mummy
 61448 | Tomb:1   | Killed a royal mummy
 62137 | Tomb:3   | Entered Level 3 of the Tomb of the Ancients
 62204 | Tomb:3   | Noticed a royal mummy
 62217 | Tomb:3   | Reached XP level 26. HP: 142/266 MP: 18/37
 62217 | Tomb:3   | Noticed a royal mummy
 62218 | Tomb:3   | Noticed a royal mummy
 62221 | Tomb:3   | Noticed a royal mummy
 62224 | Tomb:3   | Killed a royal mummy
 62233 | Tomb:3   | Noticed a royal mummy
 62239 | Tomb:3   | Killed a royal mummy
 62239 | Tomb:3   | Noticed a royal mummy
 62239 | Tomb:3   | HP: 11/266 [royal mummy (16)]
 62240 | Tomb:3   | Noticed a royal mummy
 62241 | Tomb:3   | Noticed a royal mummy
 62242 | Tomb:3   | HP: 2/266 [royal mummy/divine providence (11)]
 62243 | Tomb:3   | Killed a royal mummy
 62244 | Tomb:3   | Noticed a royal mummy
 62246 | Tomb:3   | Engulfed by an ushabti's foul pestilence

Illustrated notes

Levels and vault maps discovered:
D:1:      ldierk_walled_garden, layout_basic, minmay_misc_feat_doors,
          st_stairs_5
D:2:      layout_loops_corners, serial_co_window_serial,
          co_window_of_opportunity_a, co_window_corner_a, co_window_corner_a,
          co_window_paths_a, co_window_paths_b, co_window_unsneaky_path_a,
          co_window_corner_b, co_window_of_opportunity_c, co_window_paths_d,
          co_window_paths_e, glass_columns_b, serial_shops, shop,
          minmay_misc_feat_alley, uniq_jessica
D:3:      layout_basic, gup_sewer_entry_glass, uniq_terence, uniq_sigmund
D:4:      layout_loops_ring, tgw_sif, minmay_temple_entry_stoned_glass,
          cheibrodos_gnoll_hut
D:5:      cheibrodos_fzero, layout_loops_ring, gammafunk_ghost_stat_death,
          uniq_eustachio
D:6:      layout_gridville, minmay_crossroads
D:7:      layout_layer_cave
D:8:      layout_loops_ring, grunt_tough_drop
D:9:      layout_roguey, erik_lair_orcish_takeover, serial_shops, shop,
          uniq_psyche
D:10:     minmay_tri_box, layout_rooms, uniq_sonja, uniq_snorg
D:11:     layout_irregular_city, erik_orc_1, uniq_lodul, uniq_urug
D:12:     dragon1_lemuel, layout_loops_ring, enter_trove_0, serial_shops,
          kennysheep_little_box, corexii_corridor_pit, grunt_ministairs_11
D:13:     layout_cave_pods, lightli_vaults_fourway_checkpoint
D:14:     layout_loops_ring, glass_columns_c, kennysheep_vampire_church
D:15:     grunt_enter_depths_hoard, layout_loops_ring, gauntlet_entry_generic,
          st_stairs_8
Temple:   mainiacjoe_temple_circle_huts
Lair:1:   layout_long_grid
Lair:2:   wad_woods_04, layout_loops_ring, minmay_shoals_entry_beasts,
          grunt_megastairs_3
Lair:3:   layout_long_grid, guppyfry_snake_entry_island, st_stairs_10,
          uniq_fannar, uniq_amaemon
Lair:4:   layout_concentric_octagons, serial_rivers,
          chequers_serial_rivers_small_b, chequers_serial_rivers_marsh,
          chequers_serial_rivers_micro_d, chequers_serial_rivers_room_a,
          chequers_serial_rivers_marsh, kennysheep_rathole
Lair:5:   hangedman_lair_caniforms_friends, layout_hall_layers,
          hangedman_lair_tendril_chambers, nicolae_slime_entry_slimehenge,
          enter_volcano_4, portal_ice_cave_rime, serial_bayou_lagoon_a
Shoals:1: nicolae_shoals_island_circles, layout_shoals, serial_shops, shop,
          nicolae_shoals_water_shrine
Shoals:2: layout_shoals, serial_shops, shop, uniq_polyphemus
Shoals:3: layout_shoals, lightli_airlock
Shoals:4: shoals_end_hellmonk_lost_city
Snake:1:  nicolae_snake_unarmed_stairs_patrol, layout_gridlike, serial_shops,
          nicolae_shop_competitors_out_of_business, nicolae_take_the_stairs,
          shop, shop_statue, nicolae_shop_bloodbath_and_beyond,
          minmay_shop_grove, serial_bayou_shore_b
Snake:2:  layout_misc_corridors, serial_bayou_ford_a, serial_nicolae_subway,
          nicolae_sub_station_metal, nicolae_sub_station_crystal,
          nicolae_sub_station_stone, minmay_shoptagon
Snake:3:  layout_misc_corridors, serial_shops, nicolae_lakefront_shop,
          nicolae_shop_hallway_stairs, gammafunk_ghost_grave
Snake:4:  grunt_snake_rune_spirals, layout_onion_interference, serial_shops,
          nicolae_shop_advertising_works [nicolae_subvault_shop_adworks]
Slime:1:  layout_caves
Orc:1:    layout_caves, mines2_lemuel
Orc:2:    st_orc_ogre_mass, layout_caves, serial_shops, shop
Elf:1:    elf_arrival_002, layout_loops_ring, hangedman_elf_represent,
          dreamdust_wishing_well, eino_tiny_chamber, kb_rosetta,
          minmay_shop_star, uniq_frances
Elf:2:    nicolae_elf_blades_splatter_lattice [mumra_blade_entry_bloodbath],
          layout_geoelf_octagon, uniq_asterion, uniq_jorgrun
Elf:3:    minmay_elf_hall, layout_onion_city, serial_shops, shop_coins,
          uniq_roxanne, uniq_louise, uniq_donald
Vaults:1: st_squares, hangedman_vaults_unwind, vaults_dpeg_cross,
          ontoclasm_vaults_tryst, v_alt_pattern_1, nicolae_vaults_back_hallway,
          v_misc_11, ontoclasm_vaults_eye, layout_vaults_omnicross
Vaults:2: v_alt_pattern_6, minmay_crypt_entry_necro_gods,
          hangedman_vaults_stitches, vaults_mumra_minichess_inversion,
          v_misc_23, st_cross, hangedman_vaults_cutoff, v_misc_26,
          vaults_room_ringed_pool, ontoclasm_vaults_gateway, vaults_room_pool,
          layout_vaults_big_room, serial_shops, shop, uniq_mara, uniq_mennas
Crypt:1:  evilmike_wizard_prison, layout_catacombs
Crypt:2:  layout_rooms, chequers_big_river
Crypt:3:  due_elkab, layout_chaotic_city, tomb_entry_simple_bobbens,
          infiniplex_enter_wizlab_glasses, grunt_ministairs_4, st_stairs_2,
          minmay_misc_feat_rows
Tomb:1
Tomb:2
Tomb:3
Depths:1: layout_small_grid, hell_entry,
          nicolae_hepliaklqana_ecumenical_no_more, serial_shops,
          nicolae_lakefront_shop, chequers_serial_rivers_room_a,
          minmay_evil_grid
Depths:2: box_level_dp, hell_entry, pan_entry, abyss_entry
Depths:3: minmay_the_grid_square_5x5_4x4_mashed
          [minmay_the_grid_square_5x5_beaten_path,
          minmay_the_grid_square_5x5_inverted_slash,
          minmay_the_grid_square_5x5_lines,
          minmay_the_grid_square_5x5_tetrominoes,
          minmay_the_grid_square_5x5_mess,
          minmay_the_grid_square_5x5_prize_deathbox,
          minmay_the_grid_square_5x5_prize_waves,
          minmay_the_grid_square_5x5_hollow_slash,
          minmay_the_grid_square_5x5_half_checkered,
          minmay_the_grid_square_5x5_prize_monsterx,
          minmay_the_grid_square_5x5_prize_rear_guard,
          minmay_the_grid_square_5x5_two_walls_a,
          minmay_the_grid_square_5x5_broken_cross,
          minmay_the_grid_square_5x5_almost_minimal,
          minmay_the_grid_square_5x5_longway,
          minmay_the_grid_square_5x5_fancy_junction], layout_basic, pan_entry,
          grunt_decor_fettered, pf_hell_entry_great_geh,
          marbit_kobold_abyss_entry, nemelex_altar_shiori
Depths:4: grunt_zot_entry_gee_three, layout_basic, lightli_too_deep,
          serial_shops, bzr_entry_customers, zin_angel, uniq_jory,
          uniq_frederick, uniq_vv, uniq_josephina

Skill      XL: |  1  2  3  4  5  6  7  8  9 10 11 12 13 14 15 16 17 18 19 20 21 22 23 24 25 |
---------------+----------------------------------------------------------------------------+-----
Fighting       | 4 5 6 7 8 10 12 13 14 15 16 17 18 19 22 25 26 27 | 27.0
Armour         | 4 6 8 10 11 12 14 15 16 17 18 19 20 22 23 24 | 24.2
Shields        | 4 6 8 10 11 12 14 15 16 17 18 19 20 21 22 24 | 24.1
Axes           | 3 4 5 7 8 11 13 15 17 18 19 20 22 23 24 25 26 27 | 27.0
Invocations    | 1 4 6 7 9 10 11 12 13 14 15 16 17 18 20 22 | 22.3
Dodging        | 2 7 10 | 10.9

Action                   |  1- 3 |  4- 6 |  7- 9 | 10-12 | 13-15 | 16-18 | 19-21 | 22-24 | 25-27 || total
-------------------------+-------+-------+-------+-------+-------+-------+-------+-------+-------++-------
Melee: War axe           |    67 |   154 |   268 |   483 |       |       |       |       |       ||   972
       Headbutt          |    11 |    21 |    49 |   158 |   277 |   325 |   506 |   513 |    95 ||  1955
       Unarmed           |       |       |       |     1 |       |       |       |       |       ||     1
       Broad axe         |       |       |       |   114 |  1139 |  1357 |  1426 |  1390 |   244 ||  5670
       Hand axe          |       |       |       |       |     7 |       |       |       |       ||     7
Invok: Heroism           |       |       |     3 |     4 |     5 |     2 |       |       |       ||    14
       Cleansing Flame   |       |       |       |       |       |       |     9 |    20 |    73 ||   102
       Brand Weapon With |       |       |       |       |       |       |       |     1 |       ||     1
       Divine Shield     |       |       |       |       |       |       |       |     1 |       ||     1
       Summon Divine War |       |       |       |       |       |       |       |       |     1 ||     1
Evoke: Wand              |       |       |       |     1 |     2 |       |     1 |     1 |       ||     5
  Use: Potion            |     1 |       |     1 |     4 |     2 |       |     5 |     4 |     4 ||    21
       Scroll            |       |     7 |    11 |     9 |     9 |    12 |    15 |    13 |     7 ||    83
 Stab: Petrified         |       |       |       |       |     2 |       |       |       |       ||     2
Armor: Scale mail        |    30 |    61 |    51 |       |       |       |       |       |       ||   142
       Plate armour      |       |       |    27 |   230 |   180 |       |       |       |       ||   437
       Chain mail        |       |       |       |       |     5 |       |       |       |       ||     5
       Crystal plate arm |       |       |       |       |   393 |   798 |   161 |       |       ||  1352
       Gold dragon scale |       |       |       |       |       |       |   734 |   527 |   175 ||  1436
Dodge: Dodged            |    37 |   110 |   121 |   147 |   266 |   169 |   187 |   189 |    71 ||  1297
Block: Buckler           |    17 |    39 |    46 |    19 |       |       |       |       |       ||   121
       Kite shield       |       |       |       |   217 |   673 |  1106 |  1592 |  1313 |   386 ||  5287
       Reflection        |       |       |       |       |       |    96 |   142 |    57 |     2 ||   297

Table legend: (Time is in decaauts)
 A = Elapsed time spent in this place.
 B = Non-inter-level travel time spent in this place.
 C = Inter-level travel time spent in this place.
 D = Time resting spent in this place.
 E = Time spent auto-exploring this place.
 F = Levels seen in this place.
 G = Mean time per level.
                   A        B        C        D        E       F      G
               +--------+--------+--------+--------+--------+-----+--------+
         Total |  62132 |  58020 |   4112 |  15867 |  28834 |  55 | 1129.7 |
       Dungeon |  17173 |  15241 |   1932 |   2813 |   9769 |  15 | 1144.9 |
        Temple |    397 |    327 |     70 |      0 |    283 |   1 |  397.0 |
          Lair |  10038 |   9395 |    643 |   3674 |   4274 |   5 | 2007.6 |
        Shoals |   3620 |   3486 |    134 |    627 |   2004 |   4 |  905.0 |
     Snake Pit |   4522 |   4213 |    309 |   1118 |   1986 |   4 | 1130.5 |
    Slime Pits |      1 |      1 |      0 |      0 |      0 |   1 |    1.0 |
  Orcish Mines |   1259 |   1183 |     76 |     35 |    826 |   2 |  629.5 |
   Elven Halls |   5777 |   5416 |    361 |   1814 |   2069 |   3 | 1925.7 |
        Vaults |   2856 |   2735 |    121 |    854 |   1413 |   2 | 1428.0 |
         Crypt |   3223 |   3071 |    152 |    162 |   1986 |   3 | 1074.3 |
          Tomb |   4228 |   4220 |      8 |   2263 |    763 |   3 | 1409.3 |
        Depths |   6138 |   5837 |    301 |   1577 |   2858 |   4 | 1534.5 |
         Abyss |    503 |    503 |      0 |     71 |    107 |   2 |  251.5 |
        Bazaar |     74 |     74 |      0 |      0 |     59 |   1 |   74.0 |
         Trove |     98 |     98 |      0 |      0 |      0 |   1 |   98.0 |
         Sewer |    272 |    272 |      0 |      0 |    117 |   1 |  272.0 |
       Volcano |    966 |    966 |      0 |    715 |     34 |   1 |  966.0 |
        Wizlab |    570 |    570 |      0 |    141 |    240 |   1 |  570.0 |
      Gauntlet |    408 |    408 |      0 |      0 |     42 |   1 |  408.0 |
               +--------+--------+--------+--------+--------+-----+--------+

Top non-repeatable levels by time:
  Tomb:1: 2861 daAuts
  Lair:5: 2831 daAuts
Depths:2: 2416 daAuts
  Lair:2: 2279 daAuts
   Elf:3: 2204 daAuts
   Elf:2: 2058 daAuts
  Lair:4: 1895 daAuts
Vaults:1: 1877 daAuts
  Lair:3: 1837 daAuts
     D:4: 1724 daAuts
     D:5: 1605 daAuts
 Snake:1: 1593 daAuts
     D:9: 1573 daAuts
   Elf:1: 1514 daAuts
 Snake:4: 1442 daAuts
